 Dungeon Crawl Stone Soup version 0.31-a0-221-gbddc013574 (webtiles) character file.

Game seed: 11360598388702041592

32 qw the Shooter (level 3, 0/22 HPs)
             Began as a Gargoyle Hexslinger on July 4, 2023.
             Slain by a kobold
             ... wielding a +0 whip
              (3 damage)
             ... on level 2 of the Dungeon.
             The game lasted 00:00:18 (434 turns).

qw the Shooter (Gargoyle Hexslinger)                 Turns: 434, Time: 00:00:19

Health: 0/22       AC:  9    Str: 11    XL:     3   Next: 25%
Magic:  4/4        EV: 10    Int: 13    God:
Gold:   17         SH:  0    Dex: 14    Spells: 3/4 levels left

rFire   . . .        Y - +1 sling
rCold   . . .        (no shield)
rNeg    + . .        f - +0 ring mail
rPois   inf          (no helmet)
rElec   +            (no cloak)
rCorr   .            (no gloves)
SInv    .            g - +0 pair of boots
Will    .....        (no amulet)
Stlth   +            (no ring)
HPRegen 0.23/turn    (no ring)
MPRegen 0.09/turn

%: no passive effects
@: about to teleport
A: sickness immunity, AC +3, negative energy resistance 1, electricity
resistance, torment resistance 1, petrification resistance
a: no special abilities


You were on level 2 of the Dungeon.
You visited 1 branch of the dungeon, and saw 2 of its levels.

You collected 17 gold pieces.


Innate Abilities, Weirdness & Mutations

You are immune to sickness and miasma.
Your stone body is resilient. (AC +3)
You are immune to poison.
You resist negative energy. (rN+)
You are resistant to electric shocks. (rElec)
You are resistant to unholy torment.
You are immune to petrification.


   Skills:
 - Level 2.3 Fighting
 - Level 3.0 Ranged Weapons
 + Level 0.0 Armour
 - Level 1.5 Dodging
 - Level 1.0 Spellcasting
 - Level 2.6 Hexes


You had 3 spell levels left.
You knew the following spells:

 Your Spells              Type           Power      Damage    Failure   Level
a - Slow                  Hex            28%        N/A       22%         1

Your spell library contained the following spells:

 Spells                   Type           Power      Damage    Failure   Level
 Inner Flame              Hex/Fire       4%         N/A       75%         3
 Portal Projectile        Hex/Tloc       8%         N/A       75%         3
 Cause Fear               Hex            3%         N/A       92%         4

Inventory:

Hand Weapons
 Y - a +1 sling (weapon)
Armour
 f - a +0 ring mail (worn)
 g - a +0 pair of boots (worn)
Scrolls
 a - a scroll of enchant weapon {unknown}
 i - a scroll of identify
Potions
 b - a potion of curing {unknown}
 e - a potion of lignification {unknown}

Dungeon Overview and Level Annotations

Branches:
Dungeon (2/15)

Altars:


Message History

You shoot a sling bullet. The sling bullet hits the adder.
The adder is severely wounded.
The adder bites you. The adder bites you but does no damage.
You shoot a sling bullet. The sling bullet hits the adder.
You kill the adder!
Your Fighting skill increases to level 2!
You have reached level 3!
Your experience leads to an increase in your attributes!
Increase (S)trength, (I)ntelligence, or (D)exterity?
You feel agile. x2
You start resting.
HP restored.
b - a glowing grey potion 2 kobolds and a worm come into view.
The kobold shouts! x2
You shoot a sling bullet. The sling bullet hits the worm.
The worm is moderately wounded.
You shoot a sling bullet. The sling bullet hits the worm!
The worm is severely wounded.
The worm closely misses you.
You shoot a sling bullet.
The sling bullet barely misses the worm.
The sling bullet hits the kobold but does no damage.
The worm bites you!
You shoot a sling bullet.
The sling bullet hits the worm but does no damage.
The worm is severely wounded.
The kobold barely misses you. The worm bites you!
The kobold hits you but does no damage.
You shoot a sling bullet.
The sling bullet barely misses the worm.
The kobold hits you with a +0 whip. The worm barely misses you.
433 ||| READING scroll of teleportation.
As you read the scroll of teleportation, it crumbles to dust.
You feel strangely unstable. The kobold hits you but does no damage.
You shoot a sling bullet. The sling bullet hits the worm!
You kill the worm!
The kobold hits you with a +0 whip.
You die...

.# .#
#####.#
#.....#
#.....#
#.....# #
##^....#
#.###......#
#.K@..##.###
#.K#####.##
#... #..###
#..# ##...#
#.. ###.#
#.. #.## #
..
#..#######
...
##..#.....
#....####


You could see 2 kobolds.

Vanquished Creatures
  2 adders (D:2)
  A worm (D:2)
  A dart slug (D:1)
  An endoplasm (D:1)
  A giant cockroach (D:1)
  2 goblins (D:1)
  A hobgoblin (D:1)
  A kobold (D:1)
  2 bats (D:1)
  2 rats (D:1)
14 creatures vanquished.

Notes
Turn   | Place    | Note
-------+----------+-------------------------------------------
     0 | D:1      | qw the Gargoyle Hexslinger began the quest for the Orb.
     0 | D:1      | Reached XP level 1. HP: 12/12 MP: 2/2
     0 | D:1      | 0 ||| qw: Version: 0.3-a-41-g9d075ac
     0 | D:1      | 0 ||| qw: Game counter: 828
     0 | D:1      | 0 ||| qw: Melee chars always use a shield: true
     0 | D:1      | 0 ||| qw: God list: Okawaru
     0 | D:1      | 0 ||| qw: Allow faded altars: false
     0 | D:1      | 0 ||| qw: Do Orc after clearing Dungeon:15 true
     0 | D:1      | 0 ||| qw: Do second Lair branch before Depths: true
     0 | D:1      | 0 ||| qw: Lair rune preference: random
     0 | D:1      | 0 ||| qw: Goals: Normal
     0 | D:1      | 0 ||| PLANNING D:1-11
   178 | D:1      | 178 ||| FLEEEEING.
   179 | D:1      | 179 ||| FLEEEEING.
   180 | D:1      | 180 ||| FLEEEEING.
   181 | D:1      | 181 ||| FLEEEEING.
   182 | D:1      | 182 ||| FLEEEEING.
   183 | D:1      | 183 ||| FLEEEEING.
   190 | D:1      | Reached XP level 2. HP: 16/16 MP: 3/3
   274 | D:1      | Reached skill level 3 in Ranged Weapons
   329 | D:1      | 329 ||| UPGRADING to +0 ring mail.
   339 | D:1      | 339 ||| DROPPING +0 robe.
   340 | D:1      | 340 ||| UPGRADING to +0 pair of boots.
   345 | D:1      | 345 ||| READING scroll labelled UQIREZXEMNI.
   346 | D:1      | 346 ||| READING 2 scrolls labelled YGOYSI DIEFUU.
   351 | D:1      | 351 ||| READING 2 scrolls labelled HOFRIE ZAUTS.
   352 | D:1      | 352 ||| READING scroll labelled ZAG CELARCHOE.
   353 | D:1      | 353 ||| DROPPING scroll of poison.
   404 | D:2      | Reached XP level 3. HP: 21/22 MP: 4/4
   432 | D:2      | HP: 3/22 [kobold/+0 whip (3)]
   433 | D:2      | 433 ||| READING scroll of teleportation.
   434 | D:2      | Slain by a kobold

Levels and vault maps discovered:
D:1:      eino_arrival_water_star, layout_rooms
D:2:      layout_rooms, hellmonk_ecumenical_altar_lost_god, serial_shops, shop

Skill      XL: |  1  2 |
---------------+-------+-----
Ranged Weapons | 3 |  3.0
Fighting       | 2 |  2.3
Dodging        | |  1.5
Spellcasting   | |  1.0
Hexes          | |  2.6

Action                     || total
---------------------------++-------
   Fire: Sling             ||    70
    Use: Scroll            ||     5
 Armour: Robe              ||    13
         Ring mail         ||    12
  Dodge: Dodged            ||    31

Table legend:
 A = Non-vault XP
 B = Vault XP
 C = Vault XP percentage of total XP
 D = Non-vault monster count
 E = Vault monster count
 F = Vault count percentage of total count
                 A         B        C        D         E       F
            +---------+---------+-------+---------+---------+-------
      Total |      51 |       0 |   0.0 |      14 |       0 |   0.0
            +---------+---------+-------+---------+---------+-------
        D:1 |      20 |       0 |   0.0 |      11 |       0 |   0.0
        D:2 |      31 |       0 |   0.0 |       3 |       0 |   0.0
            +---------+---------+-------+---------+---------+-------
